 Dungeon Crawl Stone Soup version 0.29.1-1-gd02db6906a (webtiles) character file.

Game seed: 544654273429201765

108 dave1331 the Chopper (level 4, -2/41 HPs)
             Began as a Hill Orc Fighter on Oct 4, 2022.
             Slain by Sigmund
             ... wielding a +4 scythe of venom
              (3 damage)
             ... on level 3 of the Dungeon.
             The game lasted 00:06:15 (2848 turns).

dave1331 the Chopper (Hill Orc Fighter)             Turns: 2848, Time: 00:06:16

Health: -2/41      AC:  9    Str: 20    XL:     4   Next: 87%
Magic:  4/4        EV:  9    Int:  8    God:
Gold:   99         SH:  9    Dex: 10    Spells: 3/3 levels left

rFire   . . .      SeeInvis .   a - +1 war axe
rCold   . . .      Faith    .   c - +0 buckler
rNeg    . . .      Spirit   .   b - +1 scale mail
rPois   .          Reflect  +   (no helmet)
rElec   .          Harm     .   (no cloak)
rCorr   .          Rampage  .   l - +0 pair of gloves
Will    .....                   (no boots)
Stlth   ..........              i - amulet of reflection
HPRegen 0.13/turn               (no ring)
MPRegen 0.09/turn               (no ring)

@: lethally poisoned (-2 -> -10)
A: no striking features
a: no special abilities


You were on level 3 of the Dungeon.
You visited 1 branch of the dungeon, and saw 3 of its levels.

You collected 99 gold pieces.

Inventory:

Hand Weapons
 a - a +1 war axe (weapon)
Armour
 b - a +1 scale mail (worn)
 c - a +0 buckler (worn)
 l - a +0 pair of gloves (worn)
Jewellery
 i - an amulet of reflection (around neck)
Scrolls
 e - a scroll of noise
 h - 5 scrolls of identify
 k - a scroll of teleportation
 m - a scroll of silence {unknown}
 n - a scroll of summoning {unknown}
Potions
 d - 2 potions of might
 f - 2 potions of curing {unknown}
 g - a potion of heal wounds {unknown}
 j - a potion of attraction {unknown}


   Skills:
 + Level 4.3 Fighting
 + Level 4.4 Axes
 + Level 4.1 Armour
 + Level 0.1 Dodging
 + Level 0.2 Stealth
 + Level 3.7 Shields


You had 3 spell levels left.
You didn't know any spells.
Your spell library contained the following spells:

 Spells                   Type           Power      Damage    Failure   Level
 Beastly Appendage        Tmut           0%         N/A       85%         1
 Wereblood                Tmut           0%         N/A       94%         2
 Spider Form              Tmut/Pois      0%         N/A       99%         3


Dungeon Overview and Level Annotations

Branches:
Dungeon (3/15)

Altars:

Shops:
D:2 *

Annotations:
D:3 Sigmund


Message History

a +0 short sword; a kobold corpse Sigmund the Dreaded comes into view.
He is wielding a +4 scythe of venom.
Sigmund shouts!
Sigmund hits you from afar with a +4 scythe of venom.
You are poisoned.
You feel very sick.
You slash Sigmund!
Sigmund is moderately wounded.
You feel very sick. Sigmund hits you but does no damage.
You are more poisoned.
You hit Sigmund.
Sigmund is heavily wounded.
You feel very sick. Sigmund hits you but does no damage.
You are more poisoned.
You barely miss Sigmund.
Sigmund is heavily wounded.
You feel very sick. Sigmund misses you.
You slash Sigmund!
Sigmund is almost dead.
You feel very sick.
Sigmund hits you with a +4 scythe of venom.
You are more poisoned.
You closely miss Sigmund.
Sigmund is almost dead.
* * * LOW HITPOINT WARNING * * *
You feel very sick. Sigmund barely misses you.
You hit Sigmund.
Sigmund is almost dead.
* * * LOW HITPOINT WARNING * * *
You feel very sick.
You hit Sigmund.
Sigmund is almost dead.
* * * LOW HITPOINT WARNING * * *
You feel very sick.
Sigmund hits you with a +4 scythe of venom.
You die...

..##...........................
...............................
####............#####..........
# #..).........# ##<.#........
# #.#...##....###...##........
# #.#..###..#..#..## #.#######
# ##............#.# .#
###.....).........#
.....##.........@@#
.######........##.......
...........^...# #......
#######........# ...... #
#........# .....
#######.######## .....
........# .... #######.# ....
###


You could see Sigmund.

Vanquished Creatures
  2 adders
  2 worms
  4 dart slugs
  5 orcs (D:3)
  4 bats
  8 endoplasms
  4 giant cockroaches
  6 goblins
  7 hobgoblins
  5 quokkas
  6 ball pythons
  2 frilled lizards
  2 kobolds (D:3)
  8 rats
65 creatures vanquished.

Notes
Turn   | Place    | Note
-------+----------+-------------------------------------------
     0 | D:1      | dave1331 the Hill Orc Fighter began the quest for the Orb.
     0 | D:1      | Reached XP level 1. HP: 19/19 MP: 1/1
   219 | D:1      | Reached XP level 2. HP: 22/27 MP: 2/2
   694 | D:1      | Reached XP level 3. HP: 33/33 MP: 3/3
  1561 | D:2      | Found Gojebuff's General Store.
  1634 | D:2      | Reached XP level 4. HP: 40/40 MP: 4/4
  1825 | D:2      | Found a faded altar of an unknown god.
  2837 | D:3      | Noticed Sigmund
  2848 | D:3      | HP: 1/41 [poisoned by Sigmund]
  2848 | D:3      | Slain by Sigmund

Illustrated notes

Levels and vault maps discovered:
D:1:      noname_arrival_rooms_in_the_neighbourhood, layout_loops_cross
D:2:      layout_loops_ring, ebering_ecumenical_altar_webs, serial_shops,
          nicolae_shop_statue_plus
D:3:      layout_rooms, uniq_sigmund

Skill      XL: |  1  2  3  4 |
---------------+-------------+-----
Axes           | 3 4 |  4.4
Fighting       | 4 |  4.3
Armour         | 4 |  4.1
Dodging        | |  0.1
Stealth        | |  0.2
Shields        | |  3.7

Action                   |  1- 3 |  4- 6 || total
-------------------------+-------+-------++-------
Melee: War axe           |    95 |    83 ||   178
  Use: Scroll            |     2 |     4 ||     6
Armor: Scale mail        |    53 |    31 ||    84
Dodge: Dodged            |    49 |    42 ||    91
Block: Buckler           |    14 |    55 ||    69
       Reflection        |       |     3 ||     3
